 Dungeon Crawl Stone Soup version 0.31-a0-145-g046c7d2549 (webtiles) character file.

Game seed: 18125934775184465827

28 Faragor the Chiller (level 3, -2/19 HPs)
             Began as a Deep Elf Ice Elementalist on June 5, 2023.
             Slain by a cerulean imp
             ... wielding a +2 spear
             ... summoned by Natasha
              (6 damage)
             ... on level 2 of the Dungeon.
             The game lasted 00:05:46 (1843 turns).

Faragor the Chiller (Deep Elf Ice Elementalist)     Turns: 1843, Time: 00:05:46

Health: -2/19      AC:  2    Str:  5    XL:     3   Next: 0%
Magic:  10/10      EV: 13    Int: 21    God:
Gold:   73         SH:  0    Dex: 15    Spells: 8/9 levels left

rFire   . . .        e - +0 short sword
rCold   . . .        j - orb {*channel}
rNeg    . . .        a - +0 robe
rPois   .            (no helmet)
rElec   .            (no cloak)
rCorr   .            (no gloves)
SInv    .            (no boots)
Will    .....        (no amulet)
Stlth   ++           (no ring)
HPRegen 0.23/turn    (no ring)
MPRegen 0.12/turn

%: channel magic (20%)
@: slowed, very slow
A: no striking features
a: no special abilities


You were on level 2 of the Dungeon.
You visited 1 branch of the dungeon, and saw 2 of its levels.

You collected 73 gold pieces.

Inventory:

Hand Weapons
 e - a +0 short sword (weapon)
Armour
 a - a +0 robe (worn)
 j - an orb of energy (worn)
Scrolls
 c - a scroll of fear
 g - a scroll of poison {unknown}
 h - a scroll of teleportation {unknown}
 i - a scroll of identify {unknown}
Potions
 b - a potion of magic
 d - a potion of haste {unknown}
 f - a potion of curing {unknown}


   Skills:
 + Level 2.9 Dodging
 + Level 3.1 Stealth
 + Level 3.5 Spellcasting
 + Level 4.7 Ice Magic


You had 8 spell levels left.
You knew the following spells:

 Your Spells              Type           Power      Damage    Failure   Level
a - Freeze                Ice            92%        1d9       8%          1

Your spell library contained the following spells:

 Spells                   Type           Power      Damage    Failure   Level
 Frozen Ramparts          Ice            46%        1d7       16%         3
 Ozocubu's Armour         Ice            23%        N/A       16%         3
 Summon Small Mammal      Summ           12%        N/A       30%         1
 Call Canine Familiar     Summ           3%         N/A       58%         3
 Summon Guardian Golem    Hex/Summ       3%         N/A       58%         3
 Summon Ice Beast         Ice/Summ       13%        N/A       65%         4


Dungeon Overview and Level Annotations

Branches:
Dungeon (2/15)

Altars:

Shops:
D:1 (

Annotations:
D:2 Natasha


Message History

Confirm with . or Enter, or press ? or * to list all spells.
Aiming: Freeze (safe; 9% risk of failure)
Press: ? - help, Shift-Dir - straight line, f/p - goblin
Aim: a goblin, wielding a +0 dagger (severely wounded)
You freeze the goblin.
You kill the goblin!
Magical energy flows into your mind! Natasha casts a spell at you.
You feel yourself slow down.
You have reached level 3!
Your experience leads to an increase in your attributes!
Increase (S)trength, (I)ntelligence, or (D)exterity?
You feel clever. x2
This spell is extremely dangerous to cast!
Memorise Frozen Ramparts, consuming 3 spell levels and leaving 5?
You start memorising the spell.
You continue memorising.
Natasha casts a spell at you.
Your memorisation is interrupted.
The magic dart hits you.
The cerulean imp hits you from afar with a +2 spear.
Natasha stares at you and mumbles some strange words.
The magic dart hits you.
Casting: Freeze (safe; 8% risk of failure)
Confirm with . or Enter, or press ? or * to list all spells.
You don't know that spell.
Casting: Freeze (safe; 8% risk of failure)
Confirm with . or Enter, or press ? or * to list all spells.
Okay, then.
As you read the scroll labelled FOLYTO APEEQA, it crumbles to dust.
You assume a fearsome visage.
Natasha looks frightened!
The cerulean imp looks frightened!
The cerulean imp easily resists.
It was a scroll of fear.
The cerulean imp completely misses you.
The cerulean imp hits you from afar with a +2 spear.
* * * LOW HITPOINT WARNING * * *
Things that are here:
a +0 dagger; a goblin corpse The cerulean imp hits you from afar with a +2 spear.
* * * LOW HITPOINT WARNING * * *
You see here a +0 dagger.
The cerulean imp hits you from afar with a +2 spear.
You die...

#.. #..
#.#
#####.#
..##.# #
#.##h##.#
#@##....#
#))5.#
####.#
#.# #.#
#.####
#....#
#####.#
#...#.#


You could see a cerulean imp (summoned).

Vanquished Creatures
  A dart slug (D:1)
  2 bats (D:1)
  6 endoplasms (D:1)
  A giant cockroach (D:1)
  4 hobgoblins (D:1)
  A quokka (D:1)
  2 ball pythons (D:1)
  A frilled lizard (D:1)
  3 goblins
  2 rats (D:1)
23 creatures vanquished.

Notes
Turn   | Place    | Note
-------+----------+-------------------------------------------
     0 | D:1      | Faragor the Deep Elf Ice Elementalist began the quest for
                  | the Orb.
     0 | D:1      | Reached XP level 1. HP: 10/10 MP: 6/6
   306 | D:1      | Found Zuery's Antique Weapon Shop.
   530 | D:1      | Reached XP level 2. HP: 6/15 MP: 5/8
  1834 | D:2      | Noticed Natasha
  1838 | D:2      | Reached XP level 3. HP: 17/19 MP: 10/10
  1843 | D:2      | Slain by a cerulean imp

Illustrated notes

Levels and vault maps discovered:
D:1:      dpeg_arrival_arbitrary_b, layout_loops_ring, serial_shops,
          nicolae_shop_waterfront, st_stairs_6, reono_crystal_passage,
          serial_bayou_lagoon_a
D:2:      layout_basic, serial_shops, shop, guppyfry_early_lair_pool,
          uniq_natasha

Skill      XL: |  1  2 |
---------------+-------+-----
Stealth        | 3 |  3.1
Dodging        | |  2.9
Spellcasting   | |  3.5
Ice Magic      | |  4.7

Action                     || total
---------------------------++-------
  Melee: Short sword       ||     9
         Unarmed           ||     1
   Cast: Freeze            ||    38
    Use: Scroll            ||     1
 Armour: Robe              ||     4
  Dodge: Dodged            ||    25

Table legend: (Time is in decaauts)
 A = Elapsed time spent in this place.
 B = Non-inter-level travel time spent in this place.
 C = Inter-level travel time spent in this place.
 D = Time resting spent in this place.
 E = Time spent auto-exploring this place.
 F = Levels seen in this place.
 G = Mean time per level.
                   A        B        C        D        E       F      G
               +--------+--------+--------+--------+--------+-----+--------+
         Total |   1850 |   1781 |     69 |    897 |    693 |   2 |  925.0 |
       Dungeon |   1850 |   1781 |     69 |    897 |    693 |   2 |  925.0 |
               +--------+--------+--------+--------+--------+-----+--------+

Top non-repeatable levels by time:
     D:1: 1809 daAuts
     D:2: 40 daAuts
